 Dungeon Crawl Stone Soup version 0.15.0-14-g6bbbb5c (webtiles) character file.

81949 Nebuchadnezzar the Severer (level 15, -3/129 (132) HPs)
             Began as a Mottled Draconian Berserker on Sept 5, 2014.
             Was a High Priest of Trog.
             Slain by an orc knight
             ... wielding a +0 bardiche
              (7 damage)
             ... on Level 14 of the Dungeon.
             The game lasted 01:43:20 (35706 turns).

Nebuchadnezzar the Severer (DrBe)                  Turns: 35706, Time: 01:43:20

HP  -3/129 (132) AC 16     Str 22      XL: 15   Next: 28%
MP   0/15        EV 19     Int  9      God: Trog [*****.]
Gold 1822        SH  0     Dex 15      Spells:  0 memorised, 14 levels left

rFire  + . .     SeeInvis .     k - +5 battleaxe (elec)
rCold  + . .     Clarity  .     (armour unavailable)
rNeg   . . .     rCorr    .     (no shield)
rPois  +         rRot     .     S - +0 hat
rElec  .         Spirit   +     l - +1 cloak {rC+} (curse)
SustAb .         Warding  .     E - +1 pair of gloves of the Other World {rPois Slay+2 Stlth+}
rMut   .         Stasis   .     a - +0 pair of boots
Gourm  .                        Q - amulet of guardian spirit
MR     +....                    C - +2 ring of protection
                                p - cursed ring of protection from fire

@: confused, manticore barbs, somewhat resistant to hostile enchantments,
unstealthy
A: breathe sticky flames, unfitting armour, sense surroundings 1, strong 1,
cold-blooded, AC +9
a: Breathe Sticky Flame, Burn Spellbooks, Berserk, Trog's Hand, Brothers in
Arms, Renounce Religion


You were on level 14 of the Dungeon.
You worshipped Trog.
Trog was extremely pleased with you.
You were not hungry.

You visited 2 branches of the dungeon, and saw 22 of its levels.
You also visited: Bailey, Ice Cave and Volcano.

You collected 1822 gold pieces.

Inventory:

Hand weapons
 k - a +5 battleaxe of electrocution (weapon)
 T - a +2 antimagic battleaxe
 X - a +10 longbow of freezing
Missiles
 d - 7 arrows of dispersal
 h - a throwing net
 s - 28 arrows of flame
 D - 7 poisoned javelins (quivered)
 F - 216 arrows
Armour
 a - a +0 pair of boots (worn)
 l - a cursed +1 cloak of cold resistance (worn)
 E - the +1 pair of gloves of the Other World (worn) {rPois Slay+2 Stlth+}
   (You acquired it on level 5 of the Lair of Beasts)

   It affects your accuracy and damage with ranged weapons and melee attacks
   (+2).
   It protects you from poison.
   It makes you more stealthy.
 S - a +0 hat (worn)
Magical devices
 x - a wand of fire (0)
 I - a wand of magic darts (15)
 Z - a wand of teleportation (2)
Comestibles
 b - 2 meat rations
 c - 10 bread rations
Scrolls
 v - 7 scrolls of teleportation
 y - 4 scrolls of fear
 B - 9 scrolls of remove curse
 J - 4 scrolls of identify
 R - 2 scrolls of fog
 V - a scroll of silence
Jewellery
 m - an uncursed amulet of clarity
 o - an uncursed amulet of warding
 p - a cursed ring of protection from fire (left hand)
 r - an uncursed ring of teleport control
 w - an uncursed ring of positive energy
 C - a +2 ring of protection (right hand)
 M - an uncursed ring of protection from fire
 Q - an amulet of guardian spirit (around neck)
Potions
 e - a potion of curing
 g - a potion of restore abilities
 n - 2 potions of cure mutation
 q - a potion of flight
 u - 3 potions of heal wounds
 A - 6 potions of resistance
 N - a potion of cancellation
 O - a potion of lignification
 U - a potion of haste
Rods
 f - a +2 rod of ignition (10/10)
   (You found it on level 10 of the Dungeon)


   Skills:
 - Level 12.0 Fighting
 * Level 19.1 Axes
 - Level 9.0 Bows
 - Level 11.4 Dodging


You had 14 spell levels left.
You didn't know any spells.

Dungeon Overview and Level Annotations

Branches:
Dungeon (14/15)            Temple (0/1) D:6             Orc (0/4) D:12
   Lair (8/8) D:11          Swamp (0/5) Lair:4        Snake (0/5) Lair:5
  Slime (0/6) Lair:6       Vaults (0/5) D:14

Altars:
Ashenzari
Fedhas
Kikubaaqudgha
Makhleb
Nemelex Xobeh
Okawaru
Trog
Vehumet
Yredelemnul
Zin
The Shining One

Shops:
D:5 *   D:9 ?

Annotations:
D:14 Norris


Innate Abilities, Weirdness & Mutations

You can spit globs of burning liquid.
You can ignite nearby creatures when you spit burning liquid.
Your weird mottled scales are hard (AC +9).
Your body does not fit into most forms of armour.
Your cold-blooded metabolism reacts poorly to cold.
You passively map a small area around you.
Your muscles are strong. (Str +2)


Message History

You closely miss something.
You hear some strange, mumbled words.
Unknown command.
You slash the orc knight!
There is a sudden explosion of sparks!
The orc knight is heavily wounded.
You slash something!
The orc knight hits you with a bardiche!
* * * LOW HITPOINT WARNING * * *
You hear some strange, mumbled words.
You are confused.
Something blocks your attack. Something hits you but does no damage.
The orc knight barely misses you.
Unknown command.
The barbed spikes dig painfully into your body as you move.
* * * LOW HITPOINT WARNING * * *
Something blocks your attack. Something hits you!
* * * LOW HITPOINT WARNING * * *
You hear a shout!
The orc knight hits you with a bardiche!
You die...

.#####.#..
#..........# ,
* #..........#
* #..........#
,
###..........#
, ,
.............#
* *
#...%<∩....# ,
#....><%...# *
#...%@%....# ,
* #....o.....#
, *
#..........#
#...........#
*
#...........#
* ,
+........+..#
..!.....##T.
*,.......# #
,....


You could see an orc knight and a friendly troll (berserk).

Vanquished Creatures
  A fire giant (D:12)
  A frost giant (IceCv)
  Gastronok (D:12)
  Snorg (Lair:5)
  5 hydras
  Harold (D:10)
  11 death yaks (Lair:8)
  Urug (D:12)
  3 catoblepae (Lair:8)
  A swamp dragon (Lair:4)
  An ice statue (IceCv)
  5 hill giants
  Pikel (D:8)
  2 orc knights (Bailey)
  An ugly thing (D:12)
  A lindwurm (Lair:5)
  A sixfirhy (D:13)
  A manticore (D:14)
  A cyclops (D:12)
  5 elephants (Lair:8)
  3 toenail golems (Volcano)
  8 spiny frogs
  Maurice (D:8)
  5 black mambas
  7 gargoyles
  A kobold demonologist (D:13)
  Psyche (D:9)
  A centaur skeleton (D:13)
  2 fire drakes
  7 komodo dragons
  An efreet (D:13)
  A hydra zombie (D:11)
  2 trolls
  4 slime creatures (D:12)
  Prince Ribbit (D:6)
  A trapdoor spider zombie (D:12)
  14 polar bears (IceCv)
  A trapdoor spider (D:11)
  21 blink frogs
  2 hydra skeletons
  3 boulder beetles
  3 wyverns
  A spriggan (D:7)
  6 wraiths
  7 basilisks
  2 deep elf magi
  A steam dragon (D:11)
  17 humans
  69 yaks
  2 vampire mosquitoes (D:13)
  A hungry ghost (D:10)
  A hill giant skeleton (D:6)
  2 wargs (D:11)
  6 hippogriffs
  A tengu zombie (D:12)
  Menkaure (D:7)
  17 wolves
  2 nagas (Lair:5)
  10 ice beasts
  10 porcupines
  14 water moccasins
  A phantom (D:5)
  3 necrophages
  A black bear (shapeshifter) (D:14)
  2 black bears (D:7)
  2 yellow wasps
  7 ogres
  5 sky beasts
  A slave (D:8)
  2 manticore zombies
  A boring beetle (Lair:6)
  12 crocodiles
  8 orc warriors
  Duvessa (D:7)
  A brain worm (D:13)
  10 centaurs
  A gnoll sergeant (D:7)
  23 giant frogs
  3 scorpions
  A wight (D:13)
  A troll zombie (D:9)
  18 killer bees
  3 electric eels
  A yak zombie (D:8)
  Dowan (D:7)
  4 crimson imps
  3 quasits
  2 giant frog zombies
  4 goliath beetles
  3 jellies
  5 orc priests
  2 basilisk zombies
  11 hounds
  5 human zombies (D:13)
  An iron imp (D:13)
  A gnoll shaman (D:7)
  9 iguanas
  A human skeleton (D:13)
  13 orc wizards
  8 worker ants
  14 sheep
  Ijyb (D:3)
  A hound skeleton (D:6)
  Terence (D:2)
  2 mummies (D:13)
  31 adders
  71 green rats
  14 gnolls
  2 orc skeletons
  2 giant mites
  An inept feature mimic (D:11)
  2 shadow imps (D:6)
  An adder zombie (D:9)
  10 giant geckos
  2 oozes
  64 orcs
  19 bats
  7 giant cockroaches
  24 goblins
  16 hobgoblins
  19 jackals
  17 kobolds
  15 quokkas
  A ball python (D:3)
  12 giant newts
  3 giant spores
  23 rats
  A rat skeleton (D:7)
  A rat zombie (D:8)
  11 ballistomycetes
  6 fungi
  9 plants
889 creatures vanquished.

Vanquished Creatures (collateral kills)
  3 hydras
  2 death yaks (Lair:8)
  3 orc knights (Bailey)
  5 humans (D:14)
  A yellow wasp (D:14)
  A crocodile (Lair:3)
  An electric eel (Lair:1)
  A hound (Lair:3)
  6 sheep (Lair:3)
23 creatures vanquished.

Vanquished Creatures (others)
  A deep troll (D:14)
  A polar bear (IceCv)
  2 trolls
  An electric eel (Lair:1)
  An orc wizard (D:8)
  5 orcs
  A goblin (D:6)
  A giant spore (D:6)
  A gnoll skeleton (D:8)
  7 fungi (Lair:8)
  4 plants
25 creatures vanquished.

Grand Total: 937 creatures vanquished

Notes
Turn   | Place    | Note
--------------------------------------------------------------
     0 | D:1      | Nebuchadnezzar, the Draconian Berserker, began the quest for the Orb.
     0 | D:1      | Reached XP level 1. HP: 19/19 MP: 1/1
   302 | D:1      | Reached XP level 2. HP: 24/26 MP: 2/2
   456 | D:1      | Acquired Trog's second power
   507 | D:1      | Reached skill level 4 in Axes
   608 | D:1      | Reached XP level 3. HP: 27/31 MP: 3/3
  1004 | D:2      | Noticed Terence
  1026 | D:2      | Killed Terence
  1451 | D:2      | Reached skill level 5 in Axes
  1451 | D:2      | Reached XP level 4. HP: 29/38 MP: 4/4
  1878 | D:2      | Found a blossoming altar of Fedhas.
  2153 | D:2      | Found a bloodstained altar of Trog.
  2153 | D:2      | Found a radiant altar of Vehumet.
  2155 | D:2      | Found a shattered altar of Ashenzari.
  2156 | D:2      | Found an iron altar of Okawaru.
  2157 | D:2      | Found an ancient bone altar of Kikubaaqudgha.
  2159 | D:2      | Found a sparkling altar of Nemelex Xobeh.
  2412 | D:3      | Acquired Trog's third power
  2459 | D:3      | Reached XP level 5. HP: 34/45 MP: 5/5
  2625 | D:3      | Noticed Ijyb
  2641 | D:3      | Killed Ijyb
  2641 | D:3      | Reached skill level 6 in Axes
  3018 | D:3      | HP: 2/67 [gnoll/halberd (2)]
  3326 | D:3      | Reached XP level 6. HP: 37/51 MP: 6/6
  3389 | D:3      | Reached skill level 7 in Axes
  4891 | D:4      | Reached skill level 8 in Axes
  4891 | D:4      | Your scales start taking on a weird mottled pattern.
  4891 | D:4      | Reached XP level 7. HP: 24/57 MP: 7/7
  5423 | D:5      | Entered Level 5 of the Dungeon
  5551 | D:5      | Reached skill level 9 in Axes
  5738 | D:5      | Found Pnoyss' Serpentskin Sales.
  6043 | D:5      | Received a gift from Trog
  6286 | D:5      | Reached XP level 8. HP: 47/63 MP: 8/8
  6426 | D:5      | Reached skill level 10 in Axes
  7082 | D:6      | Found a burning altar of Makhleb.
  7082 | D:6      | Noticed a green death
  7306 | D:6      | Reached skill level 5 in Fighting
  7601 | D:6      | Noticed Prince Ribbit
  7606 | D:6      | Killed Prince Ribbit
  7655 | D:6      | Found a staircase to the Ecumenical Temple.
  7847 | D:7      | Noticed Menkaure
  7849 | D:7      | Killed Menkaure
  7849 | D:7      | Reached XP level 9. HP: 61/81 MP: 9/9
  7912 | D:7      | Received a gift from Trog
  8032 | D:7      | Found a sparkling altar of Nemelex Xobeh.
  8147 | D:7      | Found a flagged portal.
  8261 | Bailey   | Entered a bailey
  8328 | Bailey   | Reached skill level 1 in Bows
  8679 | Bailey   | Noticed an orc knight
  8679 | Bailey   | Noticed an orc knight
  8680 | Bailey   | Noticed an orc knight
  8681 | Bailey   | Noticed an orc knight
  8681 | Bailey   | Noticed an orc knight
  8703 | Bailey   | Killed an orc knight
  8708 | Bailey   | Killed an orc knight
  8709 | Bailey   | an orc knight (ally) was killed
  8714 | Bailey   | Killed an orc knight
  8714 | Bailey   | Reached skill level 5 in Bows
  8742 | Bailey   | Killed an orc knight
  9193 | D:7      | Reached XP level 10. HP: 14/90 MP: 10/10
  9508 | D:7      | Noticed Duvessa
  9509 | D:7      | Noticed Dowan
  9543 | D:7      | Killed Duvessa
  9552 | D:7      | Killed Dowan
 10397 | D:8      | Noticed Pikel
 10405 | D:8      | Killed Pikel
 10733 | D:8      | Noticed Maurice
 11067 | D:8      | Killed Maurice
 11218 | D:8      | Found a glowing golden altar of the Shining One.
 11219 | D:8      | Found a basalt altar of Yredelemnul.
 11220 | D:8      | Noticed a profane servitor
 11224 | D:8      | Noticed an angel
 11653 | D:9      | Received a gift from Trog
 11658 | D:9      | Noticed Psyche
 11666 | D:9      | Killed Psyche
 12217 | D:9      | Reached skill level 10 in Fighting
 12536 | D:9      | Found a burning altar of Makhleb.
 12536 | D:9      | Found a glowing silver altar of Zin.
 12537 | D:9      | Noticed an angel
 12537 | D:9      | Noticed a blizzard demon
 13126 | D:9      | Found Abulen's Magic Scroll Emporium.
 13254 | D:10     | Entered Level 10 of the Dungeon
 13279 | D:10     | Reached skill level 11 in Fighting
 13570 | D:10     | Reached XP level 11. HP: 99/99 MP: 11/11
 13658 | D:10     | Identified a +2 rod of ignition (10/10) (You found it on level 10 of the Dungeon)
 13963 | D:10     | Noticed Harold
 13976 | D:10     | Killed Harold
 14089 | D:10     | Reached skill level 12 in Fighting
 14277 | D:10     | Received a gift from Trog
 16281 | D:11     | Reached skill level 5 in Dodging
 16456 | D:11     | Found a blossoming altar of Fedhas.
 16571 | D:11     | Found a staircase to the Lair.
 16963 | D:11     | Noticed an eight-headed hydra
 17740 | D:10     | HP: 3/101 [something (4)]
 17741 | D:10     | HP: 1/101 [something (2)]
 18574 | D:12     | Noticed a hill giant
 18685 | D:12     | Noticed Urug
 18706 | D:12     | Killed Urug
 18880 | D:12     | Noticed a hill giant
 18890 | D:12     | Killed a hill giant
 19295 | D:12     | Reached XP level 12. HP: 23/109 MP: 3/12
 19773 | D:12     | Noticed a hill giant
 19774 | D:12     | Found a staircase to the Orcish Mines.
 19783 | D:12     | Killed a hill giant
 19871 | D:12     | Reached skill level 10 in Dodging
 20006 | D:12     | Killed a hill giant
 20204 | D:12     | Noticed Gastronok
 20217 | D:12     | Killed Gastronok
 20259 | D:12     | Noticed a fire giant
 20280 | D:12     | Killed a fire giant
 20334 | D:12     | Got a transparent quarterstaff
 20335 | D:12     | Identified the +12 quarterstaff "Fischuci" {crush, rC+ MR+ Stlth++} (You found it on level 12 of the Dungeon)
 20500 | Lair:1   | Entered Level 1 of the Lair of Beasts
 20629 | Lair:1   | Noticed a seven-headed hydra
 20683 | Lair:1   | Received a gift from Trog
 20911 | Lair:1   | Noticed a seven-headed hydra
 20924 | Lair:1   | Killed an eight-headed hydra
 21177 | Lair:1   | Killed a seven-headed hydra
 22411 | Lair:3   | Reached XP level 13. HP: 107/115 MP: 13/13
 22715 | Lair:3   | Noticed a seven-headed hydra
 22721 | Lair:3   | Killed an eight-headed hydra
 22993 | Lair:3   | Received a gift from Trog
 23373 | Lair:4   | Reached skill level 13 in Axes
 23384 | Lair:4   | Found a frozen archway.
 23416 | IceCv    | Entered an ice cave
 23940 | IceCv    | Reached skill level 14 in Axes
 24098 | IceCv    | Noticed a frost giant
 24127 | IceCv    | Killed a frost giant
 24157 | IceCv    | Received a gift from Trog
 25165 | Lair:4   | Found a staircase to the Swamp.
 25759 | Lair:4   | Reached skill level 15 in Axes
 26905 | Lair:5   | Found a staircase to the Snake Pit.
 26960 | Lair:5   | Received a gift from Trog
 26980 | Lair:5   | Noticed Snorg
 26991 | Lair:5   | Killed Snorg
 27081 | Lair:5   | Reached XP level 14. HP: 112/123 MP: 14/14
 27255 | Lair:5   | Identified a scroll of acquirement
 27256 | Lair:5   | Got a pair of heavily runed gloves
 27267 | Lair:5   | Identified the +1 pair of gloves of the Other World {rPois Slay+2 Stlth+} (You acquired it on level 5 of the Lair of Beasts)
 27981 | Lair:6   | Received a gift from Trog
 28105 | Lair:6   | Reached skill level 16 in Axes
 28403 | Lair:6   | Found a staircase to the Slime Pits.
 30131 | Lair:7   | Received a gift from Trog
 30166 | Lair:8   | Entered Level 8 of the Lair of Beasts
 30171 | Lair:8   | Gained mutation: Your muscles are strong. (Str +2) [potion of beneficial mutation]
 30351 | Lair:8   | Reached skill level 17 in Axes
 30550 | Lair:8   | Found a dark tunnel.
 30575 | Volcano  | Entered a volcano
 31356 | Lair:8   | Received a gift from Trog
 31950 | Lair:8   | Reached skill level 18 in Axes
 31970 | Lair:8   | Received a gift from Trog
 32923 | Lair:8   | Reached XP level 15. HP: 78/129 MP: 9/15
 33828 | Lair:1   | Gained mutation: You passively map a small area around you. [potion of beneficial mutation]
 34362 | D:11     | Killed an eight-headed hydra
 34810 | D:13     | Received a gift from Trog
 35000 | D:13     | Found an ancient bone altar of Kikubaaqudgha.
 35671 | D:14     | Found a gate to the Vaults.
 35671 | D:14     | Noticed Norris
 35675 | D:14     | Reached skill level 19 in Axes
 35679 | D:14     | Received a gift from Trog
 35706 | D:14     | HP: 4/129 [something (14)]
 35706 | D:14     | Slain by an orc knight

Action                   |  1- 3 |  4- 6 |  7- 9 | 10-12 | 13-15 || total
-------------------------+-------+-------+-------+-------+-------++-------
Melee: Hand axe          |   163 |   325 |   435 |   305 |       ||  1228
       War axe           |       |       |       |   483 |       ||   483
       Battleaxe         |       |       |       |   286 |   873 ||  1159
       Quick blade       |       |       |       |     8 |       ||     8
       Broad axe         |       |       |       |       |   133 ||   133
 Fire: Shortbow          |       |       |    29 |       |     6 ||    35
       Longbow           |       |       |       |     1 |    79 ||    80
Throw: Javelin           |       |     1 |    15 |    43 |     4 ||    63
       Throwing net      |       |       |       |     1 |       ||     1
Invok: Berserk           |       |     1 |     2 |    11 |     3 ||    17
       Burn Spellbooks   |       |       |     2 |     1 |     1 ||     4
       Brothers in Arms  |       |       |       |     2 |     5 ||     7
 Abil: Breathe Sticky Fl |       |       |     4 |     6 |     1 ||    11
Evoke: Wand              |       |       |    26 |     3 |     1 ||    30
       Rod               |       |       |       |     1 |       ||     1
  Use: Scroll            |     3 |     9 |     6 |    10 |    10 ||    38
       Potion            |       |       |     6 |     2 |     5 ||    13
 Stab: Sleeping          |       |     1 |       |     1 |    19 ||    21
       Distracted        |       |       |       |       |     1 ||     1
  Eat: Chunk             |     2 |    11 |    10 |    24 |    16 ||    63
       Fruit             |       |     1 |     6 |     3 |     8 ||    18
       Meat ration       |       |       |     1 |     3 |     3 ||     7
       Beef jerky        |       |       |     1 |       |     4 ||     5
       Bread ration      |       |       |       |     3 |       ||     3
       Pizza             |       |       |       |       |     2 ||     2
       Royal jelly       |       |       |       |       |     1 ||     1
